Map: Zen LE

Players

ViBE - Winner!

  • Race: Zerg Zerg
  • League: Diamond
  • Spawn Location: 1:00

Hoboedd

  • Race: Terran Terran
  • League: Diamond
  • Spawn Location: 7:00

VOD

Have the link to the VOD?

Description

Time

  • Played on: Dec. 14, 2019, 11:10 p.m.
  • Length: 9:34
Show
View Real Time Build Order
Export as new Build Order

ViBE Zerg - Winner!

Build Orders: Hatch First, Roach Hydra 

Get SALT Encoding   

  12  0:01  Drone  
  13  0:14  Overlord  
  13  0:16  Drone  
  14  0:33  Drone x2  
  16  0:40  Drone  
  17  0:54  Hatchery  
  16  0:59  Drone  
  16  1:02  Drone  
  18  1:16  Spawning Pool  
  17  1:19  Drone  
  17  1:22  Drone  
  19  1:30  Drone  
  20  1:36  Extractor  
  19  1:41  Drone  
  20  1:52  Overlord  
  20  2:07  Drone x2  
  22  2:14  Drone  
  23  2:16  Queen x2  
  27  2:25  Drone x2  
  29  2:33  Drone  
  30  2:37  Overlord  
  30  2:41  Drone  
  31  2:50  Drone  
  31  2:51  Drone  
  33  2:54  Queen  
  33  2:55  Lair  
  33  2:58  Drone  
  36  3:01  Drone  
  37  3:06  Hatchery  
  37  3:08  Drone  
  37  3:10  Overlord  
  37  3:24  Drone  
  37  3:25  Drone x4  
  37  3:27  Drone x2  
  43  3:29  Overlord  
  43  3:31  Drone  
  45  3:37  Roach Warren  
  45  3:40  Evolution Chamber  
  43  3:44  Drone x2  
  45  3:51  Extractor x2, Drone x2  
  45  3:55  Overlord  
  45  4:00  Drone  
  45  4:01  Drone x5  
  51  4:12  Zerg Missile Weapons Level 1  
  51  4:16  Evolution Chamber  
  50  4:18  Glial Reconstitution  
  50  4:19  Roach  
  50  4:20  Roach x2  
  56  4:24  Overlord  
  56  4:32  Roach x3  
  56  4:33  Roach  
  56  4:35  Queen  
  56  4:37  Roach  
  68  4:40  Roach  
  68  4:43  Overlord  
  68  4:45  Drone x2  
  72  4:46  Overseer  
  72  4:52  Drone x4  
  76  4:54  Drone  
  77  5:03  Drone  
  77  5:04  Drone x5  
  83  5:09  Drone  
  83  5:10  Drone x3  
  87  5:21  Drone x3  
  88  5:22  Overlord x2  
  88  5:25  Extractor  
  88  5:27  Extractor  
  88  5:31  Drone x2  
  90  5:50  Hatchery  
  90  5:57  Drone x2  
  91  5:58  Hydralisk Den, Extractor, Drone x3  
  91  6:02  Drone x7  
  99  6:05  Spore Crawler  
  99  6:07  Spore Crawler  
  99  6:09  Spore Crawler  
  99  6:11  Zerg Ground Armor Level 1, Zerg Missile Weapons Level 2  
  96  6:13  Drone  
  96  6:15  Drone  
  98  6:24  Drone x4  
  102  6:34  Drone x4  
  102  6:39  Grooved Spines  
  106  6:41  Overlord x4  
  106  6:48  Extractor  
  106  6:51  Extractor  
  104  7:02  Hatchery  
  104  7:05  Hydralisk x10  
  123  7:10  Hydralisk x7  
  137  7:17  Hydralisk x3  
  143  7:32  Overlord  
  143  7:33  Overlord x4  
  143  7:39  Overlord x5  
  143  7:40  Overlord  
  143  7:43  Drone  
  144  7:45  Infestation Pit  
  144  7:50  Muscular Augments  
  143  7:52  Hydralisk x7  
  143  7:57  Hydralisk  
  143  7:58  Hydralisk  
  161  8:05  Hydralisk  
  161  8:06  Hydralisk x5  
  161  8:07  Hydralisk  
  175  8:13  Roach x3  
  175  8:14  Roach  
  175  8:17  Roach x2  
  175  8:19  Drone  
  188  8:21  Drone x2  
  190  8:27  Roach x3  
  190  8:28  Roach  
  190  8:31  Roach  
  200  8:40  Spore Crawler  
  199  8:41  Spine Crawler  
  199  8:42  Spine Crawler  
  199  8:43  Drone x3  
  199  8:46  Spine Crawler x2  
  199  8:47  Drone x2  
  200  8:50  Spine Crawler  
  200  8:51  Spine Crawler  
  200  8:53  Spine Crawler  
  200  8:55  Spine Crawler  
  196  8:56  Drone x2  
  196  8:58  Drone x2  
  194  9:19  Spire  
  194  9:20  Lurker Den, Drone x2  
  194  9:22  Drone x2  
Show
View Real Time Build Order
Export as new Build Order

Hoboedd Terran 

Build Orders:  

Get SALT Encoding   

  12  0:17  SCV  
  13  0:35  Supply Depot  
  13  1:02  Barracks  
  13  1:04  SCV  
  14  1:16  SCV  
  15  1:28  SCV  
  16  1:33  Command Center  
  16  1:38  Refinery  
  16  1:40  SCV  
  17  1:53  SCV, Supply Depot  
  18  2:05  SCV  
  19  2:11  Marine  
  20  2:17  SCV  
  21  2:39  SCV  
  21  2:40  Command Center  
  22  3:15  SCV  
  23  3:21  Marine  
  24  3:38  Marine  
  25  3:45  SCV  
  26  3:50  Refinery  
  26  3:52  SCV  
  27  3:56  Marine  
  27  3:58  Orbital Command  
  28  4:14  SCV  
  28  4:15  SCV  
  30  4:24  Marine  
  31  4:42  Marine  
  32  4:52  SCV  
  33  4:55  SCV  
  33  4:59  Marine  
  35  5:07  SCV x2  
  35  5:08  SCV  
  38  5:20  SCV  
  39  5:23  SCV  
  40  5:37  Factory  
  40  5:51  Orbital Command  
  40  5:52  Barracks  
  40  5:53  Orbital Command  
  40  6:07  SCV  
  41  6:19  SCV  
  41  6:22  Factory  
  42  6:31  SCV  
  43  6:39  Factory Tech Lab  
  43  6:40  Barracks  
  43  6:43  SCV  
  44  6:48  SCV  
  44  6:49  SCV  
  46  6:55  SCV  
  46  7:00  SCV  
  46  7:01  SCV  
  49  7:07  SCV  
  50  7:11  Siege Tank  
  50  7:14  Marine  
  55  7:18  Barracks Reactor  
  54  7:29  Barracks  
  54  7:30  Marine  
  54  7:34  Marine  
  56  7:48  Marine  
  56  7:50  Factory Tech Lab  
  57  7:53  Starport, Siege Tank  
  60  8:06  SCV  
  61  8:19  Barracks  
  61  8:24  Refinery  
  61  8:26  Refinery  
  61  8:54  Supply Depot x3  
  61  8:55  Supply Depot x2  
  61  8:56  Starport, Supply Depot  
  61  9:01  SCV x2  
Tags
 
Composition
Roach Hydra
Matchup
TvZ
Replay Pack
Zerg
Spawn Locations
Cross Positions
Add a new tag
Caveats
  • Supply blocks, unpowered buildings, or Contaminate may cause inaccurate times.
  • Supply counts are checked every 10 seconds.